 Dungeon Crawl Stone Soup version 0.31.0-11-ge490571c62 (webtiles) character file.

Game seed: 17459883051810487674

118 Couri the Trooper (level 5, -2/55 HPs)
             Began as an Oni Warper on Feb 7, 2024.
             Slain by a bombardier beetle (3 damage)
             ... on level 3 of the Dungeon.
             The game lasted 00:05:41 (2432 turns).

Couri the Trooper (Oni Warper)                      Turns: 2432, Time: 00:05:42

Health: -2/55      AC:  3    Str: 17    XL:     5   Next: 2%
Magic:  8/8        EV:  9    Int: 14    God:
Gold:   61         SH:  0    Dex:  8    Spells: 8/8 levels left

rFire   . . .        a - +0 mace
rCold   . . .        (no shield)
rNeg    . . .        b - +0 robe
rPois   .            (helmet restricted)
rElec   .            (no cloak)
rCorr   .            (gloves unavailable)
SInv    .            (boots unavailable)
Will    .....        (no amulet)
Stlth   +            (no ring)
HPRegen 0.29/turn    (no ring)
MPRegen 0.11/turn

%: no passive effects
@: on fire, glowing
A: large, unfitting armour, horns 1, tough skin 1, double potion healing,
drunken brawling
a: no special abilities


You were on level 3 of the Dungeon.
You visited 1 branch of the dungeon, and saw 3 of its levels.

You collected 61 gold pieces.

Inventory:

Hand Weapons
 a - a +0 mace (weapon)
 j - a +3 dagger
 n - a +0 long sword
Missiles
 d - 7 darts of dispersal (quivered)
Armour
 b - a +0 robe (worn)
 m - a +1 animal skin
Jewellery
 o - a ring of wizardry
Scrolls
 c - a scroll of blinking
 e - a scroll of vulnerability {unknown}
 g - a scroll of torment
 i - 2 scrolls of teleportation {unknown}
 l - a scroll of fog {unknown}
 p - a scroll of poison {unknown}
 q - a scroll of identify
Potions
 f - a potion of heal wounds
 h - a potion of cancellation
 k - a potion of haste


   Skills:
 * Level 4.7 Fighting
 * Level 3.4 Maces & Flails
 + Level 2.0 Throwing
 - Level 2.1 Dodging
 - Level 2.4 Spellcasting
 - Level 2.7 Translocations


You had 8 spell levels left.
You didn't know any spells.
Your spell library contained the following spells:

 Spells                   Type           Power      Damage    Failure   Level
 Blink                    Tloc           18%        N/A       12%         2
 Lesser Beckoning         Tloc           18%        N/A       12%         2
 Teleport Other           Tloc           9%         N/A       22%         3
 Manifold Assault         Tloc           9%         N/A       58%         4
 Vhi's Electric Charge    Tloc/Air       10%        N/A       78%         4


Dungeon Overview and Level Annotations

Branches:
Dungeon (3/15)

Altars:


Innate Abilities, Weirdness & Mutations

You are too large for most types of armour.
You have a pair of small horns on your head.
You have tough skin. (AC +1)
You gain doubled healing and magic from potions.
Whenever you drink a healing potion, you attack all around you.


Message History

You shake off some of the fire as you move.
The liquid fire burns you!
You shake off some of the fire as you move.
The liquid fire burns you!
You shake off the liquid fire.
The bombardier beetle sprays incendiary fluid at you.
The burning spray hits you.
You are covered in liquid fire!
You shake off some of the fire as you move.
The liquid fire burns you!
* * * LOW HITPOINT WARNING * * *
The bombardier beetle sprays incendiary fluid at you.
The burning spray hits you.
You are even more covered in liquid fire!
You shake off some of the fire as you move.
The liquid fire burns you!
* * * LOW HITPOINT WARNING * * *
You shake off some of the fire as you move.
The liquid fire burns you!
* * * LOW HITPOINT WARNING * * *
You shake off some of the fire as you move.
The liquid fire burns you!
* * * LOW HITPOINT WARNING * * *
You shake off the liquid fire.
The bombardier beetle bites you.
* * * LOW HITPOINT WARNING * * *
You barely miss the bombardier beetle.
The bombardier beetle is heavily wounded.
You barely miss the bombardier beetle.
Your headbutt misses the bombardier beetle.
The bombardier beetle is heavily wounded.
The bombardier beetle sprays incendiary fluid at you.
The burning spray hits you.
You are covered in liquid fire!
You barely miss the bombardier beetle.
The bombardier beetle is heavily wounded.
The liquid fire burns you!
* * * LOW HITPOINT WARNING * * *
The bombardier beetle bites you.
You die...

#.<.# ...#
####...###.⌠.#
#............
#.8........##
#..........#
####.......####
#..........#
###........8.#
#...@........#
#.⌠B###...####
#...# #.>.#
#...# #...#
#...# #####
##.## #.# #.#
#.#


You could see a bombardier beetle.

Vanquished Creatures
  Robin (D:2)
  4 adders
  2 dart slugs (D:2)
  7 endoplasms
  2 giant cockroaches
  7 hobgoblins
  5 kobolds
  2 quokkas (D:1)
  8 ball pythons
  5 bats
  5 frilled lizards
  13 goblins
  2 rats (D:1)
63 creatures vanquished.

Notes
Turn   | Place    | Note
-------+----------+-------------------------------------------
     0 | D:1      | Couri the Oni Warper began the quest for the Orb.
     0 | D:1      | Reached XP level 1. HP: 22/22 MP: 3/3
    55 | D:1      | Reached skill level 3 in Fighting
    97 | D:1      | Reached XP level 2. HP: 31/31 MP: 5/5
   311 | D:1      | Found a faded altar of an unknown god.
   606 | D:1      | Reached XP level 3. HP: 37/37 MP: 6/6
  1129 | D:2      | Noticed Robin
  1277 | D:1      | Reached skill level 4 in Fighting
  1317 | D:2      | Killed Robin
  1330 | D:2      | Reached XP level 4. HP: 38/48 MP: 7/7
  2384 | D:3      | Reached XP level 5. HP: 55/55 MP: 8/8
  2432 | D:3      | HP: 1/55 [burnt (6)]
  2432 | D:3      | Slain by a bombardier beetle

Illustrated notes

Levels and vault maps discovered:
D:1:      roderic_chinese_lattice_arrival, layout_basic,
          nicolae_ecumenical_snake_handling
D:2:      layout_basic, uniq_robin
D:3:      layout_rooms, nicolae_elevator_lobby_asterisk

Skill      XL: |  1  2  3  4 |
---------------+-------------+-----
Fighting       | 3 4 |  4.7
Maces & Flails | 3 |  3.4
Throwing       | 2 |  2.0
Dodging        | |  2.1
Spellcasting   | |  2.4
Translocations | |  2.7

Action                     |  1- 3 |  4- 6 || total
---------------------------+-------+-------++-------
  Melee: Mace              |   129 |    70 ||   199
         Headbutt          |    19 |     6 ||    25
         Punch             |     2 |     1 ||     3
    Use: Scroll            |       |     3 ||     3
         Potion            |       |     1 ||     1
 Armour: Robe              |   103 |    54 ||   157
  Dodge: Dodged            |    74 |    39 ||   113
